 Dungeon Crawl Stone Soup version 0.28-a0-1412-gf95308ed99 (webtiles) character file.

Game seed: 7709564354001366599

88537 Hasart the Summoner (level 16, -5/78 HPs)
             Began as a Kobold Summoner on Jan 6, 2022.
             Was the Champion of Hepliaklqana.
             Killed from afar by an efreet (35 damage)
             ... with a bolt of fire
             ... on level 14 of the Dungeon.
             The game lasted 02:02:56 (29856 turns).

Hasart the Summoner (Kobold Summoner)              Turns: 29856, Time: 02:02:57

Health: -5/78      AC: 11    Str: 10    XL:     16   Next: 41%
Magic:  41/41      EV: 19    Int: 24    God:    Hepliaklqana [******]
Gold:   2729       SH:  5    Dex: 22    Spells: 13/40 levels left

rFire   . . .      SeeInvis .   E - +5 hand axe of Litenuli {drain, rElec Dex+7}
rCold   + + .      Faith    .   (no shield)
rNeg    . . .      Spirit   .   a - +1 troll leather armour
rPois   +          Reflect  +   j - +0 helmet
rElec   +          Harm     .   I - +1 cloak {rC+}
rCorr   .          Rampage  .   k - +2 pair of gloves of Viceubb {rF+ Str+4}
Will    +....                   (no boots)
Stlth   +++.......              g - amulet of reflection
HPRegen 1.03/turn               o - ring of ice
MPRegen 0.27/turn               r - ring of Cadet {rElec rPois MP+9 Slay+4}

@: no status effects
A: reduced essence, small, no large weapons, nightstalker 3
a: Renounce Religion, Recall Ancestor, Ancestor Identity, Transference, Idealise


You were on level 14 of the Dungeon.
You worshipped Hepliaklqana.
Hepliaklqana was exalted by your worship.
You visited 4 branches of the dungeon, and saw 23 of its levels.
You also visited: Sewer, Ossuary and Ice Cave.

You collected 2729 gold pieces.

Inventory:

Hand Weapons
 e - a +1 rapier of electrocution
 E - the +5 hand axe of Litenuli (weapon) {drain, rElec Dex+7}
   (You found it on level 9 of the Dungeon)

   A truly terrible weapon, it drains the life of any living foe it strikes.
   Dex:       It affects your dexterity (+7).
   rElec:     It insulates you from electricity.
Missiles
 S - 3 throwing nets
Armour
 a - a +1 troll leather armour (worn)
 h - an orb of guile
 j - a +0 helmet (worn)
 k - the +2 pair of gloves of Viceubb (worn) {rF+ Str+4}
   (You found it on level 9 of the Dungeon)

   Str:       It affects your strength (+4).
   rF:        It protects you from fire.
 I - a +1 cloak of cold resistance (worn)
 V - a +0 cloak of willpower
Magical Staves
 t - a staff of air
 y - a staff of fire
Jewellery
 g - an amulet of reflection (around neck)
 o - a ring of ice (left hand)
 r - the ring of Cadet (right hand) {rElec rPois MP+9 Slay+4}
   (You found it on level 3 of the Dungeon)

   [ring of magical power]

   Slay:      It affects your accuracy & damage with ranged weapons and melee
   (+4).
   rElec:     It insulates you from electricity.
   rPois:     It protects you from poison.
   MP:        It affects your magic capacity (+9).
 w - an amulet of the acrobat
Wands
 D - a wand of digging (9)
 J - a wand of iceblast (21)
 L - a wand of acid (5)
 R - a wand of mindburst (7)
 Y - a wand of paralysis (2)
Scrolls
 b - 3 scrolls of fear
 c - a scroll of magic mapping
 d - 7 scrolls of identify
 f - 5 scrolls of teleportation
 i - 4 scrolls of blinking
 u - a scroll of summoning
 Q - 5 scrolls of amnesia
 W - 4 scrolls of fog
 X - 2 scrolls of brand weapon
Potions
 l - a potion of ambrosia
 q - 3 potions of attraction
 s - 2 potions of resistance
 x - a potion of heal wounds
 z - 5 potions of haste
 A - 6 potions of brilliance
 B - a potion of cancellation
 C - 4 potions of magic
 F - 2 potions of mutation
 H - 4 potions of flight
 M - 2 potions of might
 O - 9 potions of curing
 P - 2 potions of invisibility


   Skills:
 - Level 5.0 Fighting
 - Level 7.0 Dodging
 - Level 2.6 Stealth
 + Level 12.5 Spellcasting
 + Level 9.8 Conjurations
 + Level 14.8 Summonings
 - Level 5.0 Transmutations
 * Level 10.2 Fire Magic
 + Level 10.5 Air Magic
 + Level 6.1 Poison Magic
 + Level 3.5 Invocations
 - Level 5.0 Evocations


You had 13 spell levels left.
You knew the following spells:

 Your Spells              Type           Power      Damage    Failure   Level
a - Call Imp              Summ           72%        N/A       1%          2
b - Conjure Ball Lightni  Conj/Air       29%        3x3d8     13%         6
c - Call Canine Familiar  Summ           72%        N/A       1%          3
d - Summon Lightning Spi  Summ/Air       66%        N/A       1%          4
e - Mephitic Cloud        Conj/Pois/Air  55%        N/A       1%          3
f - Ignite Poison         Fire/Tmut/Pois 49%        N/A       1%          3
g - Poisonous Vapours     Pois/Air       100%       N/A       1%          2
s - Olgreb's Toxic Radia  Pois           44%        N/A       4%          4

Your spell library contained the following spells:

 Spells                   Type           Power      Damage    Failure   Level
 Summon Small Mammal      Summ           100%       N/A       0%          1
 Shock                    Conj/Air       100%       1d9       1%          1
 Sting                    Tmut/Pois      100%       1d8       1%          1
 Static Discharge         Conj/Air       59%        N/A       1%          2
 Inner Flame              Hex/Fire       39%        N/A       1%          3
 Summon Guardian Golem    Hex/Summ       50%        N/A       1%          3
 Swiftness                Air            60%        N/A       1%          3
 Airstrike                Air            30%        N/A       1%          4
 Sticky Flame             Conj/Fire      58%        2d7       1%          4
 Stone Arrow              Conj/Erth      76%        3d11      2%          3
 Fireball                 Conj/Fire      29%        3d13      2%          5
 Passwall                 Tmut/Erth      22%        N/A       3%          2
 Animate Skeleton         Necr           30%        N/A       5%          1
 Apportation              Tloc           30%        N/A       5%          1
 Sandblast                Erth           30%        2d9       5%          1
 Blink                    Tloc           30%        N/A       9%          2
 Ensorcelled Hibernation  Hex/Ice        44%        N/A       9%          2
 Freezing Cloud           Conj/Ice/Air   32%        6-21      10%         5
 Starburst                Conj/Fire      29%        6d9       14%         6
 Gell's Gravitas          Tloc           15%        N/A       17%         3
 Lesser Beckoning         Tloc           15%        N/A       17%         3
 Portal Projectile        Hex/Tloc       30%        N/A       17%         3
 Teleport Other           Tloc           15%        N/A       17%         3
 Animate Dead             Necr           7%         N/A       50%         4
 Cause Fear               Hex            7%         N/A       50%         4
 Dispel Undead            Necr           15%        3d10      50%         4
 Leda's Liquefaction      Hex/Erth       7%         N/A       50%         4
 Summon Horrible Things   Summ           36%        N/A       63%         8
 Borgnjor's Vile Clutch   Necr/Erth      7%         N/A       83%         5
 Manifold Assault         Tloc           15%        N/A       83%         5
 Metabolic Englaciation   Hex/Ice        11%        N/A       83%         5
 Malign Gateway           Summ/Tloc      25%        N/A       91%         7
 Ignition                 Fire           29%        3d9       99%         8
 Death Channel            Necr           7%         N/A       100%        6
 Dispersal                Tloc           7%         N/A       100%        6
 Simulacrum               Ice/Necr       11%        N/A       100%        6
 Ozocubu's Refrigeration  Ice            11%        4d7       100%        7
 Discord                  Hex            7%         N/A       100%        8
 Polar Vortex             Ice            11%        N/A       100%        9


Dungeon Overview and Level Annotations

Branches:
Dungeon (14/15)            Temple (1/1) D:5            Lair (6/6) D:10
 Shoals (0/4) Lair:4       Spider (0/4) Lair:4        Slime (0/5) Lair:5
    Orc (2/2) D:9             Elf (0/3) Orc:2        Vaults (0/5) D:13
  Sewer (visited)         Ossuary (visited)           IceCv (visited)

Altars:
Ashenzari
Cheibriados
Dithmenos
Elyvilon
Fedhas
Gozag
Hepliaklqana
Kikubaaqudgha
Makhleb
Nemelex Xobeh
Okawaru
Qazlal
Ru
Sif Muna
Trog
Uskayaw
Vehumet
Wu Jian
Xom
Yredelemnul
Zin
The Shining One
Beogh
Jiyva
Lugonu

Shops:
D:1 (   D:2 :==   Orc:1 (   Orc:2 ([(?

Portals:
Abyss: Lair:6

Annotations:
D:12 1 runed translucent door
Lair:4 1 runed translucent door
Lair:6 1 runed translucent door, Panino's ghost, journeyman DrTm
Orc:1 3 runed translucent doors


Innate Abilities, Weirdness & Mutations

Your life essence is reduced to manifest your ancestor. (-10% HP)
You are small and have problems with some larger weapons.
You are completely attuned to the shadows.


Message History

The efreet gestures at you.
The fireball explodes!
The fireball engulfs you!!
The fireball engulfs Sylane!
Sylane resists.
Aiming: Iceblast
Press: ? - help, Shift-Dir - straight line, f/p - efreet
Aim: an efreet, wielding a +1 scimitar of flaming (ally target)
The mass of ice explodes!
The iceblast engulfs the efreet!
The efreet is frozen!
The efreet is lightly wounded.
The efreet gestures at you.
The fireball explodes!
The fireball engulfs you!!
The fireball engulfs Sylane!
Sylane resists.
Sylane points at the efreet and mumbles some strange words.
The bolt of magma hits the efreet!
The efreet partially resists.
Unknown command.
Unknown command.
There's nothing to close nearby.
Aiming: Iceblast
Press: ? - help, Shift-Dir - straight line, f/p - efreet
Aim: an efreet, wielding a +1 scimitar of flaming (heavily wounded, ally target)
The mass of ice explodes!
The iceblast engulfs the efreet!
The efreet is frozen!
The efreet is heavily wounded.
Unknown command.
The efreet hits Sylane with a +1 scimitar of flaming!!
The efreet burns Sylane.
Sylane hits the efreet with a +0 quarterstaff.
The efreet hits Sylane with a +1 scimitar of flaming!
The efreet burns Sylane.
Sylane casts a spell at the efreet.
The bolt of magma hits the efreet!
The efreet partially resists.
Unknown command.
The efreet closely misses Sylane.
Sylane barely misses the efreet.
Unknown command.
The efreet gestures at Sylane.
The bolt of fire hits Sylane!
Sylane resists.
Sylane is destroyed!
The bolt of fire hits you!!
You die...

.....°..#
.....°..#
....R...#
.........#
.........#
.........#
.....@...#
.........#
######'#####
#......#
#.######
##'#########
#......<...# ..#
#..........# ..#
#####..........#


You could see an efreet (unaware).

Vanquished Creatures
  Frances (D:12)
  Nessos (D:13)
  Azrael (D:14)
  A hydra (Lair:4)
  2 centaur warriors
  Sonja (Lair:2)
  3 skeletal warriors (D:11)
  A deep elf pyromancer (D:14)
  An orc knight (Orc:2)
  An oklob plant (Lair:1)
  2 cyclopes
  A manticore (D:12)
  2 ugly things (D:13)
  4 elephants
  A salamander (shapeshifter) (D:13)
  3 black mambas
  2 cane toads
  2 rime drakes
  A yaktaur (D:13)
  3 ice devils (IceCv)
  2 freezing wraiths (IceCv)
  An entropy weaver simulacrum (IceCv)
  3 komodo dragons
  3 meliai (D:14)
  2 polar bears
  A polar bear (shapeshifter) (Lair:6)
  Prince Ribbit (Lair:2)
  7 blink frogs
  34 yaks
  7 wyverns
  2 fire bats (Lair:4)
  A wraith (D:11)
  2 basilisks (Lair:4)
  A ynoxinul (Lair:6)
  2 redbacks (D:13)
  A vampire mosquito (D:11)
  A steam dragon (D:9)
  6 water moccasins
  2 hell hounds (D:14)
  16 orc warriors
  A small abomination (Lair:6)
  An ice beast (D:5)
  2 black bears
  An ogre (Orc:2)
  A necrophage (D:7)
  3 wolves
  7 centaurs
  2 kobold brigands
  4 bullfrogs
  A scorpion (D:6)
  A gnoll sergeant (D:10)
  3 killer bees
  A howler monkey (D:14)
  3 wights (D:7)
  2 centaur zombies (D:9)
  An electric eel (Lair:4)
  5 hounds
  5 jellies
  7 orc priests (Orc:2)
  A centaur skeleton (D:6)
  A gnoll shaman (D:7)
  A bullfrog skeleton (D:7)
  7 orc wizards
  A scorpion zombie (D:5)
  A hell rat (Lair:3)
  A polar bear simulacrum (IceCv)
  A spriggan simulacrum (IceCv)
  3 wolf simulacra (IceCv)
  A mummy (Ossuary)
  5 gnolls
  3 adders
  3 white imps
  2 adder zombies (Ossuary)
  A dart slug (D:3)
  53 orcs
  8 ball pythons
  4 bats
  9 endoplasms
  11 giant cockroaches
  7 hobgoblins
  2 jackals (D:1)
  7 kobolds
  2 quokkas
  6 frilled lizards
  6 goblins
  A goblin zombie (Ossuary)
  A hobgoblin zombie (Ossuary)
  A quokka zombie (Ossuary)
  14 rats
  A rat zombie (Ossuary)
345 creatures vanquished.

Vanquished Creatures (collateral kills)
  Saint Roka (Orc:2)
  Snorg (Lair:3)
  A yaktaur captain (D:13)
  8 hydras
  A centaur warrior (D:13)
  A two-headed ogre (Orc:1)
  4 thrashing horrors (Lair:6)
  2 orc high priests
  A death drake (shapeshifter) (Lair:6)
  A skeletal warrior (D:11)
  A harpy (shapeshifter) (D:12)
  An obsidian statue (D:9)
  A deep elf pyromancer (D:14)
  3 ugly things
  A necromancer (IceCv)
  3 oklob plants (Lair:1)
  2 manticores
  An orc sorcerer (Orc:2)
  A manticore (shapeshifter) (Lair:6)
  3 elephants
  2 cyclopes
  A molten gargoyle (Lair:4)
  7 black mambas
  An ice statue (IceCv)
  2 gargoyles (D:13)
  6 cane toads
  An eye of devastation (shapeshifter) (Lair:6)
  5 rime drakes
  A tengu conjurer (D:13)
  A yaktaur (D:13)
  2 freezing wraiths (IceCv)
  An anaconda simulacrum (IceCv)
  2 kobold demonologists (D:5)
  6 komodo dragons
  2 ancient zymes (Lair:6)
  11 ice devils (IceCv)
  An efreet (D:14)
  An entropy weaver simulacrum (IceCv)
  2 polar bears
  4 slime creatures (D:13)
  6 trolls
  9 blink frogs
  A jumping spider (shapeshifter) (D:14)
  A spriggan (Lair:6)
  3 wraiths (D:9)
  3 ynoxinuls (Lair:6)
  8 wyverns
  2 vampires
  4 fire elementals (D:14)
  19 yaks
  A shadow (D:9)
  5 basilisks
  A human (shapeshifter) (D:14)
  A dire elephant simulacrum (IceCv)
  A fire bat (Lair:4)
  A chaos spawn (Lair:6)
  3 steam dragons
  2 redbacks (D:13)
  3 vampire mosquitoes (D:11)
  2 death yak simulacra (IceCv)
  2 wargs
  14 water moccasins
  An acid dragon (D:11)
  8 small abominations (Lair:6)
  14 orc warriors
  A hell hound (D:14)
  2 black bears
  An ice beast (D:6)
  3 sky beasts
  3 ogres
  2 necrophages
  4 centaurs
  5 wolves
  A phantom (D:7)
  An elf zombie (Ossuary)
  A kobold brigand (D:5)
  9 bullfrogs
  A wyvern zombie (D:9)
  5 cane toad simulacra (IceCv)
  A scorpion (D:6)
  2 two-headed ogre simulacra (IceCv)
  2 elephant simulacra (IceCv)
  11 killer bees
  A wight (D:7)
  A howler monkey (D:9)
  5 centaur zombies
  7 orc priests
  Crazy Yiuf (D:5)
  A centaur skeleton (D:6)
  2 gnoll shamans
  2 iguanas (D:5)
  17 orc wizards
  7 hell rats
  4 polar bear simulacra (IceCv)
  A troll simulacrum (IceCv)
  3 wolf simulacra (IceCv)
  A killer bee zombie (D:9)
  2 mummies (Ossuary)
  Robin (D:2)
  A howler monkey zombie (D:7)
  14 gnolls
  A howler monkey skeleton (D:7)
  2 adders (D:3)
  A naga simulacrum (IceCv)
  2 ufetubi
  3 adder zombies (Ossuary)
  A dart slug (D:1)
  40 orcs
  7 goblins
  2 hobgoblins
  A jackal (D:1)
  4 kobolds (D:8)
  3 quokkas
  2 ball pythons (D:1)
  A bat (D:2)
  A goblin zombie (Ossuary)
  5 kobold zombies (Ossuary)
  An orc zombie (Ossuary)
  A quokka zombie (Ossuary)
416 creatures vanquished.

Vanquished Creatures (others)
  A jumping spider (shapeshifter) (D:13)
  2 ancestors (D:7)
  34 battlemagi
  5 ball lightnings (D:14)
  46 fungi
  96 plants
  2 withered plants (D:4)
186 creatures vanquished.

Grand Total: 947 creatures vanquished

Notes
Turn   | Place    | Note
-------+----------+-------------------------------------------
     0 | D:1      | Hasart the Kobold Summoner began the quest for the Orb.
     0 | D:1      | Reached XP level 1. HP: 10/10 MP: 3/3
   165 | D:1      | Reached XP level 2. HP: 13/15 MP: 5/5
   173 | D:1      | Learned a level 2 spell: Call Imp
   761 | D:1      | Reached XP level 3. HP: 19/19 MP: 6/6
   971 | D:1      | Found Jaadghofu's Antique Weapon Boutique.
  1156 | D:2      | Found Toezon Jiem's Book Emporium.
  1382 | D:2      | Noticed Robin
  1600 | D:1      | Learned a level 3 spell: Call Canine Familiar
  1630 | D:2      | Reached XP level 4. HP: 6/24 MP: 2/8
  1639 | D:2      | Killed Robin
  1640 | D:2      | Reached skill level 5 in Summonings
  1926 | D:2      | Found Lainat's Jewellery Emporium.
  1932 | D:2      | Found Moc Xuka's Jewellery Boutique.
  2293 | D:2      | Found a faded altar of an unknown god.
  3011 | D:3      | Reached XP level 5. HP: 19/28 MP: 5/9
  3327 | D:3      | Identified the ring of Cadet {rElec rPois MP+9 Slay+4}
  3903 | D:4      | Reached skill level 6 in Summonings
  3903 | D:4      | Reached XP level 6. HP: 26/32 MP: 11/11
  3973 | D:4      | Found a basalt altar of Yredelemnul.
  4506 | D:4      | Noticed a black bear
  4525 | D:4      | Killed a black bear
  4526 | D:4      | Reached XP level 7. HP: 28/36 MP: 13/13
  5134 | D:5      | Entered Level 5 of the Dungeon
  5161 | D:5      | Reached skill level 7 in Summonings
  5392 | D:5      | Found a glowing drain.
  5396 | Sewer    | Entered a sewer
  5522 | Sewer    | Found a viscous altar of Jiyva.
  5835 | D:5      | Found a staircase to the Ecumenical Temple.
  5843 | D:5      | Reached skill level 5 in Spellcasting
  5931 | D:5      | Reached XP level 8. HP: 17/41 MP: 15/15
  5938 | Temple   | Entered the Ecumenical Temple
  6221 | Temple   | Became a worshipper of Hepliaklqana the Forgotten
  6511 | D:5      | Reached skill level 8 in Summonings
  6613 | D:5      | Noticed a kobold demonologist
  6614 | D:5      | Noticed a kobold demonologist
  6642 | D:5      | Killed a kobold demonologist
  6658 | D:5      | Killed a kobold demonologist
  6659 | D:5      | Reached skill level 9 in Summonings
  7110 | D:5      | Learned a level 2 spell: Poisonous Vapours
  7114 | D:5      | Learned a level 3 spell: Ignite Poison
  7119 | D:5      | Learned a level 4 spell: Summon Lightning Spire
  7234 | D:5      | Found a runed translucent door.
  7237 | D:5      | Noticed Crazy Yiuf
  7242 | D:5      | Killed Crazy Yiuf
  7243 | D:5      | Reached XP level 9. HP: 45/45 MP: 18/18
  7869 | D:6      | Reached skill level 1 in Evocations
  7919 | D:6      | Reached skill level 1 in Fighting
  7919 | D:6      | Reached skill level 1 in Transmutations
  7919 | D:6      | Reached skill level 1 in Fire Magic
  7919 | D:6      | Reached skill level 1 in Air Magic
  7919 | D:6      | Reached skill level 1 in Poison Magic
  8118 | D:6      | Noticed a four-headed hydra
  8136 | D:6      | Killed a four-headed hydra
  8284 | D:6      | Reached skill level 10 in Summonings
  8343 | D:6      | Found a sand-covered staircase.
  8348 | Ossuary  | Entered an ossuary
  8531 | Ossuary  | Reached XP level 10. HP: 44/54 MP: 20/20
  9021 | D:6      | Reached * piety under Hepliaklqana
  9611 | D:7      | Learned a level 3 spell: Mephitic Cloud
 10170 | D:7      | Got the Tome of Feathery Curses
 10452 | D:7      | Reached ** piety under Hepliaklqana
 10453 | D:7      | Remembered your ancestor Sylane as a battlemage
 10860 | D:8      | Noticed an elephant
 10907 | D:7      | Killed an elephant
 11224 | D:8      | Noticed an elephant
 11233 | D:8      | Killed an elephant
 11234 | D:8      | Reached skill level 5 in Dodging
 11236 | D:8      | Reached XP level 11. HP: 49/54 MP: 21/21
 11301 | D:8      | Found an opulent altar of Gozag.
 11313 | D:8      | Noticed an elephant
 11317 | D:8      | Killed an elephant
 11334 | D:8      | Noticed an elephant
 11352 | D:8      | Killed an elephant
 11353 | D:8      | Reached skill level 11 in Summonings
 12323 | D:9      | Noticed a five-headed hydra
 12467 | D:9      | Noticed a cyclops
 12473 | D:9      | Killed a cyclops
 12504 | D:9      | Identified the +5 hand axe of Litenuli {drain, rElec Dex+7}
 12509 | D:9      | Identified the +2 pair of gloves of Viceubb {rF+ Str+4}
 12578 | D:9      | Reached skill level 5 in Evocations
 12603 | D:9      | Reached *** piety under Hepliaklqana
 12767 | D:9      | Killed a five-headed hydra
 12768 | D:9      | Reached skill level 5 in Fighting
 12788 | D:9      | Learned a level 4 spell: Olgreb's Toxic Radiance
 12893 | D:9      | Noticed an obsidian statue
 12990 | D:9      | Killed an obsidian statue
 13065 | D:9      | Found a staircase to the Orcish Mines.
 13076 | D:9      | Reached XP level 12. HP: 58/61 MP: 24/24
 13455 | D:10     | Entered Level 10 of the Dungeon
 13537 | D:10     | Reached skill level 1 in Conjurations
 13677 | D:10     | Identified the +4 mace of the Undead {pain, Fly}
 13977 | D:10     | Found a staircase to the Lair.
 14508 | D:11     | Noticed a five-headed hydra
 14518 | D:11     | Killed a five-headed hydra
 14519 | D:11     | Reached skill level 5 in Transmutations
 14519 | D:11     | Reached skill level 5 in Poison Magic
 14527 | D:11     | Reached skill level 5 in Fire Magic
 14527 | D:11     | Reached skill level 5 in Air Magic
 14773 | D:11     | Found an opulent altar of Gozag.
 14885 | D:11     | Found a frozen archway.
 14889 | IceCv    | Entered an ice cave
 15529 | IceCv    | Reached skill level 12 in Summonings
 15547 | IceCv    | Reached **** piety under Hepliaklqana
 16054 | IceCv    | Found an ancient bone altar of Kikubaaqudgha.
 16106 | IceCv    | Reached XP level 13. HP: 57/64 MP: 26/26
 17114 | D:11     | Reached skill level 5 in Conjurations
 17699 | Orc:1    | Entered Level 1 of the Orcish Mines
 17707 | Orc:1    | Learned a level 6 spell: Conjure Ball Lightning
 18039 | Orc:1    | Reached skill level 10 in Spellcasting
 18236 | Orc:1    | Found a runed translucent gate.
 18237 | Orc:1    | Found a runed translucent gate.
 18238 | Orc:1    | Found a runed translucent gate.
 18272 | Orc:1    | Found Hashriw's Weapon Shop.
 18764 | Orc:2    | Entered Level 2 of the Orcish Mines
 18784 | Orc:2    | Reached skill level 13 in Summonings
 18813 | Orc:2    | Found a staircase to the Elven Halls.
 19507 | Orc:2    | Found Laokon Tajo's Antique Weapon Shop.
 19554 | Orc:2    | Found Jorchicick's Antique Armour Boutique.
 19655 | Orc:2    | Found Bies's Magic Scroll Boutique.
 19900 | Orc:2    | Noticed Saint Roka
 19927 | Orc:2    | Killed Saint Roka
 19928 | Orc:2    | Reached XP level 14. HP: 39/70 MP: 21/28
 20036 | Orc:2    | Found Ituczuog's Weapon Boutique.
 20229 | Lair:1   | Entered Level 1 of the Lair of Beasts
 20241 | Lair:1   | Found a glowing golden altar of the Shining One.
 20935 | Lair:1   | Reached ***** piety under Hepliaklqana
 21787 | Lair:2   | Noticed Sonja
 21796 | Lair:2   | Killed Sonja
 21885 | Lair:2   | Noticed Prince Ribbit
 21890 | Lair:2   | Killed Prince Ribbit
 22690 | Lair:3   | Noticed Snorg
 22696 | Lair:3   | Killed Snorg
 23231 | Lair:3   | Reached skill level 14 in Summonings
 24045 | Lair:4   | Reached XP level 15. HP: 73/73 MP: 25/30
 24187 | Lair:4   | Found a hole to the Spider Nest.
 24193 | Lair:4   | Found a runed translucent door.
 24467 | Lair:4   | Found a staircase to the Shoals.
 24601 | Lair:4   | You fall into a shaft and drop 2 floors!
 24601 | Lair:6   | Entered Level 6 of the Lair of Beasts
 25087 | Lair:6   | Reached skill level 10 in Air Magic
 25436 | Lair:6   | Found a one-way gate to the infinite horrors of the Abyss.
 25437 | Lair:6   | Found a corrupted altar of Lugonu.
 25636 | Lair:6   | Reached skill level 1 in Invocations
 25812 | Lair:6   | Found a runed translucent door.
 25816 | Lair:6   | Noticed Panino's ghost (journeyman DrTm)
 26000 | Lair:6   | Reached ****** piety under Hepliaklqana
 26910 | Lair:5   | Found a viscous altar of Jiyva.
 26910 | Lair:5   | Found a staircase to the Slime Pits.
 27577 | D:12     | Noticed Frances
 27588 | D:12     | Killed Frances
 27980 | D:12     | Found a runed translucent door.
 28175 | D:13     | Reached XP level 16. HP: 44/78 MP: 24/32
 28219 | D:13     | Noticed Nessos
 28224 | D:13     | Killed Nessos
 28389 | D:13     | Found a stormy altar of Qazlal.
 28592 | D:13     | Found a gate to the Vaults.
 29307 | D:14     | Reached skill level 10 in Fire Magic
 29718 | D:14     | Noticed Azrael
 29729 | D:14     | HP: 2/78 [hell hound/blast of flame[Azrael] (16)]
 29733 | D:14     | Killed Azrael
 29856 | D:14     | Killed from afar by an efreet

Illustrated notes

Levels and vault maps discovered:
D:1:      scummos_arrival_star, layout_loops_ring, serial_shops, shop
D:2:      cheibrodos_old_hovel, layout_basic, serial_shops, nicolae_shop_trees,
          nicolae_shop_trees, shop, chequers_ecumenical_altar_island, uniq_robin
D:3:      layout_basic, minmay_misc_feat_four_crosses
D:4:      layout_loops_corners, yredelemnul_altar_generic
D:5:      layout_loops_ring, minmay_temple_entry_arrows, gup_sewer_entry_bowl,
          uniq_crazy_yiuf_cottage
D:6:      layout_basic, lightli_ossuary_entry_decrepit_ruins,
          grunt_ministairs_14
D:7:      layout_gridville, grunt_ministairs_14, st_stairs_2
D:8:      wad_woods_stonehenge, layout_loops_ring, serial_rivers,
          chequers_serial_rivers_micro_c, chequers_serial_rivers_large_a,
          chequers_serial_rivers_micro_b, chequers_serial_rivers_micro_d,
          nrook_loot_triangle, minmay_parallelograms
D:9:      minmay_the_grid_square_5x5_3x3 [minmay_the_grid_square_5x5_bracketed,
          minmay_the_grid_square_5x5_shuriken, minmay_the_grid_square_5x5_slash,
          minmay_the_grid_square_5x5_inset,
          minmay_the_grid_square_5x5_megaprize_hollow,
          minmay_the_grid_square_5x5_doubleslash,
          minmay_the_grid_square_5x5_corner, minmay_the_grid_square_5x5_forky,
          minmay_the_grid_square_5x5_checkered], layout_rooms,
          nicolae_concentric_dashed_squares_wild, minivault_16,
          chequers_serial_rivers_room_b, statue_in_the_mist_lemuel, st_stairs_2,
          dk_rats_in_the_wall
D:10:     layout_cave_pods, lair_entry_dummy
D:11:     layout_long_grid, portal_ice_cave_entry_pillars_1,
          nicolae_gozag_seed_capital
D:12:     layout_cross, kennysheep_treasure_room, uniq_frances
D:13:     layout_basic, david_vaults_2, minmay_misc_feat_tower,
          grunt_ministairs_10, grunt_qazlal_sundering, uniq_nessos
D:14:     layout_roguey, uniq_azrael
Temple:   regret_index_temple_sigil_plot
Lair:1:   minmay_lair_oklob_tunnel, layout_chaotic_city, basic_altar,
          lemuel_fruit_fields
Lair:2:   layout_cave_pods, uniq_sonja, uniq_prince_ribbit2
Lair:3:   layout_gridlike, serial_bayou_shore_b, lemuel_fruit_tree,
          lemuel_fruit_fields, uniq_snorg
Lair:4:   layout_gridlike, elwin_shoals_entry_rocks, dummy_spider_entry,
          ebering_ghost_reflecting_pool, special_room
          [special_room_mythical_zoo]
Lair:5:   layout_cave_pods, dpeg_slime_entry_enclosed_altar,
          infiniplex_staircase_pool_2
Lair:6:   hellmonk_lair_end_abyssal_woods, layout_big_grid,
          ebering_ghost_inner_flame
Orc:1:    layout_caves, gammafunk_ghost_necromancy, serial_shops,
          nicolae_shop_bloodbath_and_beyond, minmay_orc_temple_b
Orc:2:    grunt_orc_community_town_hall, layout_caves,
          grunt_orc_community_big_house_1, grunt_orc_community_big_house_1,
          grunt_orc_community_house_3, grunt_orc_community_house_2,
          grunt_orc_community_house_1, grunt_orc_community_house_3

Skill      XL: |  1  2  3  4  5  6  7  8  9 10 11 12 13 14 15 16 |
---------------+-------------------------------------------------+-----
Spellcasting   | 3 4 5 6 7 8 9 10 11 12 | 12.5
Summonings     | 5 6 7 9 10 11 12 13 14 | 14.8
Evocations     | 2 4 5 |  5.0
Fighting       | 2 3 5 |  5.0
Transmutations | 2 3 4 5 |  5.0
Fire Magic     | 2 3 4 5 7 9 10 | 10.2
Air Magic      | 2 3 4 6 8 9 10 | 10.5
Poison Magic   | 2 3 4 5 6 |  6.1
Dodging        | 3 5 7 |  7.0
Conjurations   | 4 6 8 9 |  9.8
Invocations    | 2 3 |  3.5
Stealth        | |  2.6

Action                   |  1- 3 |  4- 6 |  7- 9 | 10-12 | 13-15 | 16-18 || total
-------------------------+-------+-------+-------+-------+-------+-------++-------
Melee: Dagger            |    10 |       |       |       |       |       ||    10
       Unarmed           |     2 |       |       |       |       |       ||     2
       Rapier            |    45 |    89 |   207 |   124 |       |       ||   465
       Punch             |       |     1 |     3 |     1 |     4 |       ||     9
       Hand axe          |       |       |       |   126 |   437 |    34 ||   597
 Cast: Summon Small Mamm |     3 |       |       |       |       |       ||     3
       Call Imp          |     4 |       |       |       |       |       ||     4
       Call Canine Famil |     2 |    12 |    21 |    49 |    49 |     4 ||   137
       Summon Lightning  |       |       |     6 |    16 |    25 |     3 ||    50
       Mephitic Cloud    |       |       |       |    16 |    44 |     8 ||    68
       Ignite Poison     |       |       |       |    14 |    41 |     5 ||    60
       Poisonous Vapours |       |       |       |     1 |     1 |       ||     2
       Olgreb's Toxic Ra |       |       |       |       |    38 |    12 ||    50
       Conjure Ball Ligh |       |       |       |       |       |     2 ||     2
Invok: Ancestor Life: Ba |       |       |       |     1 |       |       ||     1
       Ancestor Identity |       |       |       |     1 |       |       ||     1
       Recall Ancestor   |       |       |       |     1 |     1 |       ||     2
Evoke: Wand              |       |       |       |       |       |     3 ||     3
  Use: Scroll            |       |       |       |    31 |     2 |     1 ||    34
       Potion            |       |       |       |     1 |     2 |     3 ||     6
 Stab: Sleeping          |    17 |     9 |    11 |    16 |    24 |     3 ||    80
       Distracted        |       |       |       |     4 |     7 |     5 ||    16
       Confused          |       |       |       |     1 |     7 |     1 ||     9
Armor: Robe              |     9 |    29 |    68 |    27 |       |       ||   133
       Steam dragon scal |       |       |       |    11 |       |       ||    11
       Troll leather arm |       |       |       |    83 |   141 |    14 ||   238
Dodge: Dodged            |    57 |    55 |   201 |   391 |   593 |    43 ||  1340
Block: Other             |       |       |       |       |     6 |    15 ||    21
       Reflection        |       |       |       |       |       |     6 ||     6

Table legend: (Time is in decaauts)
 A = Elapsed time spent in this place.
 B = Non-inter-level travel time spent in this place.
 C = Inter-level travel time spent in this place.
 D = Time resting spent in this place.
 E = Time spent auto-exploring this place.
 F = Levels seen in this place.
 G = Mean time per level.
                   A        B        C        D        E       F      G
               +--------+--------+--------+--------+--------+-----+--------+
         Total |  30216 |  29415 |    801 |   2680 |  19927 |  26 | 1162.2 |
       Dungeon |  16908 |  16462 |    446 |   1043 |  11718 |  14 | 1207.7 |
        Temple |    728 |    709 |     19 |    242 |    420 |   1 |  728.0 |
          Lair |   7225 |   6955 |    270 |    438 |   5298 |   6 | 1204.2 |
  Orcish Mines |   2516 |   2450 |     66 |    149 |   1613 |   2 | 1258.0 |
         Sewer |    380 |    380 |      0 |      0 |    210 |   1 |  380.0 |
       Ossuary |    306 |    306 |      0 |      0 |    136 |   1 |  306.0 |
      Ice Cave |   2151 |   2151 |      0 |    808 |    531 |   1 | 2151.0 |
               +--------+--------+--------+--------+--------+-----+--------+

Top non-repeatable levels by time:
   IceCv: 2151 daAuts
     D:5: 1649 daAuts
  Lair:6: 1590 daAuts
     D:3: 1542 daAuts
     D:7: 1506 daAuts
     D:6: 1431 daAuts
   Orc:2: 1430 daAuts
     D:8: 1369 daAuts
     D:4: 1290 daAuts
  Lair:1: 1280 daAuts
  Lair:2: 1239 daAuts
     D:1: 1209 daAuts
     D:9: 1133 daAuts
  Lair:5: 1133 daAuts
     D:2: 1121 daAuts
